 Dungeon Crawl Stone Soup version 0.30-a0-737-gf23d94013f (webtiles) character file.

Game seed: 15457875409412932566

971 Ijustatesigmund the Magician (level 7, -2/39 HPs)
             Began as a Deep Elf Necromancer on Feb 2, 2023.
             Slain by a gnoll sergeant
             ... wielding a +6 trident of protection
              (13 damage)
             ... on level 5 of the Dungeon.
             The game lasted 00:14:15 (6006 turns).

Ijustatesigmund the Magician (Deep Elf Necromancer) Turns: 6006, Time: 00:14:15

Health: -2/39      AC:  3    Str:  5    XL:     7   Next: 94%
Magic:  13/19      EV: 13    Int: 22    God:
Gold:   388        SH:  0    Dex: 15    Spells: 15/19 levels left

rFire   . . .      SeeInvis .    c - +1 dagger (spect)
rCold   . . .      Faith    .    (no shield)
rNeg    . . .      Spirit   .    a - +1 robe
rPois   .          Reflect  .    (no helmet)
rElec   .          Harm     .    k - scarf {repulsion}
rCorr   .          Rampage  .    (no gloves)
Will    .....                    (no boots)
Stlth   ++                       (no amulet)
HPRegen 0.26/turn                (no ring)
MPRegen 0.16/turn                (no ring)

@: repel missiles
A: no striking features
a: no special abilities


You were on level 5 of the Dungeon.
You visited 1 branch of the dungeon, and saw 5 of its levels.
You also visited: Sewer.

You collected 388 gold pieces.

Inventory:

Hand Weapons
 c - a +1 spectral dagger (weapon)
Armour
 a - a +1 robe (worn)
 k - a scarf of repulsion (worn)
Wands
 b - a wand of light (1)
Scrolls
 f - a scroll of identify
 g - 3 scrolls of noise
 h - a scroll of enchant armour
 i - a scroll of magic mapping
Potions
 d - a potion of curing
 e - 2 potions of ambrosia
 j - 2 potions of resistance
 l - a potion of brilliance
 m - a potion of attraction


   Skills:
 - Level 1.9 Fighting
 - Level 2.4 Short Blades
 - Level 4.0 Dodging
 - Level 2.4 Stealth
 + Level 6.7 Spellcasting
 + Level 4.3 Conjurations
 + Level 4.3 Hexes
 - Level 6.0 Necromancy


You had 15 spell levels left.
You knew the following spells:

 Your Spells              Type           Power      Damage    Failure   Level
a - Necrotise             Necr           100%       1d9       1%          1
b - Dazzling Flash        Conj/Hex       52%        N/A       4%          3

Your spell library contained the following spells:

 Spells                   Type           Power      Damage    Failure   Level
 Slow                     Hex            100%       N/A       1%          1
 Vampiric Draining        Necr           34%        2d8       2%          3
 Confusing Touch          Hex            26%        N/A       4%          3
 Ensorcelled Hibernation  Hex/Ice        32%        N/A       5%          2
 Animate Dead             Necr           34%        N/A       7%          4
 Anguish                  Hex/Necr       15%        N/A       10%         4
 Fulminant Prism          Conj/Hex       13%        3d9       14%         4
 Agony                    Necr           34%        N/A       21%         5
 Kindle Blastsparks       Fire/Tloc/Air  14%        2d11      26%         3
 Spider Form              Tmut/Pois      7%         N/A       26%         3
 Iskenderun's Mystic Bla  Conj/Tloc      16%        2d5       34%         4
 Lee's Rapid Deconstruct  Erth           3%         3d5*      93%         5
 Starburst                Conj/Fire      8%         6d4       99%         6


Dungeon Overview and Level Annotations

Branches:
Dungeon (5/15)              Sewer (visited)
 Temple: D:4-7

Altars:
The Shining One


Message History

You feel very sick. The scorpion closely misses you.
Aiming: Bolt of Light
Press: ? - help, Shift-Dir - straight line, f - gnoll sergeant, p - gnoll
Aim: a gnoll sergeant, wielding a +6 trident of protection and wearing a +0 ring mail (79% to hit)
The bolt of light hits the scorpion!
The scorpion is almost dead.
The scorpion is blinded.
The bolt of light hits the quokka!
You kill the quokka!
The bolt of light hits the gnoll sergeant.
The gnoll sergeant is lightly wounded.
The gnoll sergeant is blinded.
The bolt of light hits the gnoll!
You kill the gnoll!
The bolt of light misses the gnoll.
You feel sick.
Casting: Necrotise (safe; 1% risk of failure)
Confirm with . or Enter, or press ? or * to list all spells.
Aiming: Necrotise (safe; 1% risk of failure)
Press: ? - help, Shift-Dir - straight line, f/p - gnoll sergeant
Aim: a gnoll sergeant, wielding a +6 trident of protection and wearing a +0 ring mail (lightly wounded, blind, chance to affect: 83%)
The gnoll sergeant writhes in agony.
You feel sick.
Casting: Necrotise (safe; 1% risk of failure)
Confirm with . or Enter, or press ? or * to list all spells.
Aiming: Necrotise (safe; 1% risk of failure)
Press: ? - help, Shift-Dir - straight line, f/p - gnoll sergeant
Aim: a gnoll sergeant, wielding a +6 trident of protection and wearing a +0 ring mail (moderately wounded, blind, chance to affect: 83%)
The gnoll sergeant barely resists.
You feel sick.
The gnoll sergeant hits you from afar with a +6 trident of protection!
* * * LOW HITPOINT WARNING * * *
You feel better. The gnoll sergeant barely misses you.
You feel better.
The gnoll sergeant hits you from afar with a +6 trident of protection!
* * * LOW HITPOINT WARNING * * *
Casting: Necrotise (safe; 1% risk of failure)
Confirm with . or Enter, or press ? or * to list all spells.
Aiming: Necrotise (safe; 1% risk of failure)
Press: ? - help, Shift-Dir - straight line, f/p - gnoll sergeant
Aim: a gnoll sergeant, wielding a +6 trident of protection and wearing a +0 ring mail (moderately wounded, blind, chance to affect: 83%)
The gnoll sergeant barely resists.
The gnoll sergeant hits you from afar with a +6 trident of protection!
You die...

...............#
...............##
#................
######(...######
######....####
##......####.# #
#..######.#..#g.
####.####g#..s#..g#
##
###.....@.gg).#..g#
..
#...#######g#...#
#. #######.######
####.#..# #.
#......>.....# ##
.# #.
#............# ##.
#............# #..
#######.###### #.#
######....## #.#
............#
##########.#


You could see a gnoll sergeant (blind), a scorpion (wandering, blind) and 3
gnolls.

Vanquished Creatures
  Menkaure (D:5)
  An ice beast (D:5)
  An ogre (D:5)
  A black bear (D:4)
  Blork the orc (D:5)
  A necrophage (D:4)
  A scorpion (D:4)
  A crimson imp (D:4)
  2 jellies (D:4)
  3 iguanas (D:4)
  An orc wizard (D:3)
  A gnoll (D:5)
  5 adders
  A river rat (D:4)
  An ufetubus (D:4)
  4 worms
  2 dart slugs
  5 orcs (D:3)
  12 ball pythons
  8 endoplasms
  7 giant cockroaches
  8 hobgoblins
  6 jackals
  6 quokkas
  5 bats
  9 frilled lizards
  6 goblins
  A goblin zombie (D:4)
  5 hobgoblin zombies (D:4)
  4 kobolds
  A kobold skeleton (D:4)
  A kobold zombie (D:4)
  16 rats
128 creatures vanquished.

Vanquished Creatures (collateral kills)
  2 goblins (D:4)
  A ball python (Sewer)
  A frilled lizard (Sewer)
  5 rats
9 creatures vanquished.

Grand Total: 137 creatures vanquished

Notes
Turn   | Place    | Note
-------+----------+-------------------------------------------
     0 | D:1      | Ijustatesigmund the Deep Elf Necromancer began the quest
                  | for the Orb.
     0 | D:1      | Reached XP level 1. HP: 10/10 MP: 6/6
   192 | D:1      | Reached skill level 5 in Necromancy
   303 | D:1      | Reached XP level 2. HP: 15/15 MP: 5/8
  1064 | D:1      | Reached XP level 3. HP: 15/19 MP: 4/10
  2136 | D:3      | Reached XP level 4. HP: 7/24 MP: 6/12
  2139 | D:3      | HP: 1/24 [adder (2)]
  2283 | D:3      | Learned a level 3 spell: Dazzling Flash
  2326 | D:3      | Reached skill level 5 in Spellcasting
  2491 | D:3      | Reached skill level 1 in Conjurations
  2491 | D:3      | Reached skill level 1 in Hexes
  2820 | D:3      | Reached XP level 5. HP: 28/28 MP: 12/14
  3495 | D:4      | Found a glowing golden altar of the Shining One.
  3656 | D:4      | Reached XP level 6. HP: 32/32 MP: 12/16
  3692 | D:4      | Found a glowing drain.
  3715 | Sewer    | Entered a sewer
  4899 | D:4      | Reached XP level 7. HP: 36/36 MP: 16/18
  5070 | D:5      | Entered Level 5 of the Dungeon
  5201 | D:5      | Reached skill level 1 in Short Blades
  5311 | D:5      | Reached skill level 1 in Fighting
  5542 | D:5      | Noticed Blork the orc
  5556 | D:5      | Killed Blork the orc
  5798 | D:5      | Noticed Menkaure
  5808 | D:5      | Killed Menkaure
  6006 | D:5      | Slain by a gnoll sergeant

Illustrated notes

Levels and vault maps discovered:
D:1:      dpeg_arrival_concentric_ovals, layout_basic,
          dreamdust_princess_bridge, nicolae_concentric_dashed_squares_mild,
          minivault_4, minivault_26, minmay_misc_feat_doors
D:2:      layout_loops_ring, minmay_mini_jars
D:3:      layout_loops_cross, nicolae_half_adder
D:4:      layout_rooms, nicolae_tso_besieged_by_evil, portal_sewer_entry_b,
          hangedman_abyss_or_decor_stagger, minmay_diced_spiral
D:5:      minmay_spotlight, layout_basic, minmay_misc_feat_five,
          grunt_decor_clamped, serial_park_tiny_2, uniq_blork_the_orc,
          uniq_menkaure

Skill      XL: |  1  2  3  4  5  6  7 |
---------------+----------------------+-----
Necromancy     | 5 6 |  6.0
Spellcasting   | 4 5 6 |  6.7
Conjurations   | 1 2 3 4 |  4.3
Hexes          | 1 2 4 |  4.3
Short Blades   | 2 |  2.4
Fighting       | 1 |  1.9
Dodging        | 4 |  4.0
Stealth        | |  2.4

Action                     |  1- 3 |  4- 6 |  7- 9 || total
---------------------------+-------+-------+-------++-------
  Melee: Dagger            |       |    32 |    18 ||    50
         Punch             |       |     1 |       ||     1
   Cast: Necrotise         |    81 |   132 |    25 ||   238
         Dazzling Flash    |       |     5 |     5 ||    10
  Evoke: Wand              |       |       |     2 ||     2
    Use: Scroll            |     6 |    10 |     2 ||    18
         Potion            |       |     4 |     6 ||    10
   Stab: Invisible         |       |       |     4 ||     4
 Armour: Robe              |     5 |    22 |     3 ||    30
         Skin              |       |       |     2 ||     2
  Dodge: Dodged            |    10 |    45 |    20 ||    75
         Repelled          |       |     1 |       ||     1

Table legend: (Time is in decaauts)
 A = Elapsed time spent in this place.
 B = Non-inter-level travel time spent in this place.
 C = Inter-level travel time spent in this place.
 D = Time resting spent in this place.
 E = Time spent auto-exploring this place.
 F = Levels seen in this place.
 G = Mean time per level.
                   A        B        C        D        E       F      G
               +--------+--------+--------+--------+--------+-----+--------+
         Total |   6049 |   5973 |     76 |   1274 |   3862 |   6 | 1008.2 |
       Dungeon |   5429 |   5353 |     76 |   1170 |   3501 |   5 | 1085.8 |
         Sewer |    620 |    620 |      0 |    104 |    360 |   1 |  620.0 |
               +--------+--------+--------+--------+--------+-----+--------+

Top non-repeatable levels by time:
     D:3: 1375 daAuts
     D:1: 1297 daAuts
     D:4: 1068 daAuts
     D:5: 882 daAuts
     D:2: 804 daAuts
   Sewer: 620 daAuts
